 Dungeon Crawl Stone Soup version 0.19.4-8-ga85b6b9 (webtiles) character file.

182 vatarom the Twirler (level 5, 0/39 HPs)
             Began as a Demonspawn Gladiator on Feb 12, 2017.
             Succumbed to an orc wizard's poison
             ... on level 3 of the Dungeon.
             The game lasted 00:04:17 (2518 turns).

vatarom the Twirler (Demonspawn Gladiator)          Turns: 2518, Time: 00:04:18

Health: 0/39       AC:  5    Str: 16    XL:     5   Next: 34%
Magic:  5/5        EV: 13    Int:  9    God:
Gold:   92         SH:  0    Dex: 17    Spells: 0 memorised, 4 levels left

rFire  . . .     SeeInvis .     a - +1 quarterstaff
rCold  . . .     Gourm    .     b - +0 leather armour
rNeg   . . .     Faith    .     (shield currently unavailable)
rPois  +         Spirit   .     c - +0 helmet
rElec  .         Reflect  .     (no cloak)
rCorr  .         Harm     .     (no gloves)
MR     .....     Clarity  +     (no boots)
Stlth  +.........               (no amulet)
                                (no ring)
                                e - +3 ring of dexterity

@: lethally poisoned (0 -> -14)
A: rugged brown scales 1, clarity, foul stench 1, poison resistance, rot
immunity
a: no special abilities


You were on level 3 of the Dungeon.
You were not hungry.

You visited 1 branch of the dungeon, and saw 3 of its levels.

You collected 92 gold pieces.

Inventory:

Hand Weapons
 a - a +1 quarterstaff (weapon)
Missiles
 d - 3 throwing nets (quivered)
Armour
 b - a +0 leather armour (worn)
 c - a +0 helmet (worn)
Jewellery
 e - a +3 ring of dexterity (left hand)
Wands
 i - a wand of flame (22/48)
Scrolls
 g - a scroll of teleportation
 h - a scroll of identify
Comestibles
 j - 2 meat rations


   Skills:
 - Level 2.0 Fighting
 + Level 5.5 Staves
 - Level 1.7 Throwing
 - Level 2.6 Dodging


You had 4 spell levels left.
You didn't know any spells.

Dungeon Overview and Level Annotations

Branches:
Dungeon (3/15)

Altars:
Dithmenos
Gozag
Hepliaklqana
Kikubaaqudgha
Vehumet


Innate Abilities, Weirdness & Mutations

You are partially covered in rugged brown scales. (AC +1, +3% HP)
You may emit foul miasma when damaged in melee.
You are immune to rotting.
You possess an exceptional clarity of mind.
Your system is resistant to poisons. (rPois)


Message History

You barely miss something.
* * * LOW HITPOINT WARNING * * *
You feel sick. Something hits you but does no damage. Something hits you.
* * * LOW HITPOINT WARNING * * *
You are more poisoned.
You closely miss something.
* * * LOW HITPOINT WARNING * * *
You feel sick. Something hits you but does no damage.
You thump something!
Reactivating autopickup.
You feel a bit more experienced.
* * * LOW HITPOINT WARNING * * *
You feel sick.
* * * LOW HITPOINT WARNING * * *
You feel sick.
Items here: ( )) [ † a dagger of venom; a robe; a dagger; a tomahawk; an orc corpse
* * * LOW HITPOINT WARNING * * *
You feel sick.
You die...

.....
#.......#######.#
..#..##.....o.# ###.#
....).........# #...#
..#.......>..## #.###
........#....## #)#
.......####....####)#
.##..### ###.....).#
.>.. ####....#####
..... #.....@.....#
..... #.#.....###.##
..#.#.....#.....
.........(.......
#.....<..#(.....
.................
##...............
#....#.###.......
#.####. .......


There were no monsters in sight!

Vanquished Creatures
  An orc wizard (D:3)
  Natasha (thrice) (D:2)
  2 adders (D:2)
  2 dart slugs
  3 leopard geckos (D:1)
  3 orcs (D:3)
  2 giant cockroaches
  4 goblins
  9 hobgoblins
  4 jackals (D:1)
  8 bats
  5 frilled lizards
  2 kobolds
  7 rats
55 creatures vanquished.

Notes
Turn   | Place    | Note
-------+----------+-------------------------------------------
     0 | D:1      | vatarom the Demonspawn Gladiator began the quest for the Orb.
     0 | D:1      | Reached XP level 1. HP: 16/16 MP: 1/1
   130 | D:1      | Reached skill level 3 in Staves
   273 | D:1      | Gained mutation: You are immune to rotting. [demonic ancestry]
   273 | D:1      | Reached XP level 2. HP: 20/22 MP: 2/2
   414 | D:1      | Gained mutation: Your system is resistant to poisons. (rPois) [potion of beneficial mutation]
   422 | D:1      | Gained mutation: You possess an exceptional clarity of mind. [potion of beneficial mutation]
   880 | D:1      | Reached XP level 3. HP: 27/27 MP: 3/3
  1093 | D:2      | Reached skill level 4 in Staves
  1202 | D:2      | Noticed Natasha
  1212 | D:2      | Killed Natasha
  1212 | D:2      | Gained mutation: You may emit foul miasma when damaged in melee. [demonic ancestry]
  1212 | D:2      | Reached XP level 4. HP: 31/33 MP: 4/4
  1265 | D:2      | Noticed Natasha
  1276 | D:2      | Killed Natasha
  1324 | D:2      | Noticed Natasha
  1330 | D:2      | Killed Natasha
  1330 | D:2      | Reached skill level 5 in Staves
  1863 | D:2      | Gained mutation: You are partially covered in rugged brown scales. (AC +1, +3% HP) [demonic ancestry]
  1863 | D:2      | Reached XP level 5. HP: 29/39 MP: 5/5
  2329 | D:2      | Found an opulent altar of Gozag.
  2335 | D:2      | Found a shadowy altar of Dithmenos.
  2336 | D:2      | Found a radiant altar of Vehumet.
  2336 | D:2      | Found an ancient bone altar of Kikubaaqudgha.
  2338 | D:2      | Found a hazy altar of Hepliaklqana.
  2517 | D:3      | HP: 1/39 [poisoned by an orc wizard]
  2518 | D:3      | Succumbed to an orc wizard's poison

Skill      XL: |  1  2  3  4 |
---------------+-------------+-----
Staves         | 3 4 5 |  5.5
Fighting       | |  2.0
Throwing       | |  1.7
Dodging        | |  2.6

Action                   |  1- 3 |  4- 6 || total
-------------------------+-------+-------++-------
Melee: Quarterstaff      |    69 |    96 ||   165
Throw: Throwing net      |     2 |     4 ||     6
  Use: Scroll            |     4 |     2 ||     6
       Potion            |     7 |     1 ||     8
 Stab: Sleeping          |     2 |     1 ||     3
       Distracted        |       |     1 ||     1
       Held in net/web   |       |     1 ||     1
  Eat: Bread ration      |     1 |     1 ||     2
Armor: Leather armour    |    18 |    27 ||    45
Dodge: Dodged            |    55 |    75 ||   130
